 Dungeon Crawl Stone Soup version 0.29-a0-819-g94b489e0ae (webtiles) character file.

Game seed: 12331521356782420641

82 diecastcamel the Magician (level 4, -3/32 HPs)
             Began as a Gnoll Hedge Wizard on July 6, 2022.
             Slain by Robin
             ... wielding a +4 short sword
              (6 damage)
             ... on level 2 of the Dungeon.
             The game lasted 00:15:53 (3130 turns).

diecastcamel the Magician (Gnoll Hedge Wizard)      Turns: 3130, Time: 00:15:53

Health: -3/32      AC:  4    Str:  9    XL:     4   Next: 43%
Magic:  9/13       EV: 12    Int: 16    God:
Gold:   168        SH:  0    Dex: 11    Spells: 6/17 levels left

rFire   . . .      SeeInvis .   f - +0 spear (chaos)
rCold   . . .      Faith    .   (no shield)
rNeg    . . .      Spirit   .   k - +0 leather armour
rPois   .          Reflect  .   c - +1 hat
rElec   .          Harm     .   (no cloak)
rCorr   .          Rampage  .   (no gloves)
Will    .....                   (no boots)
Stlth   ++........              (no amulet)
HPRegen 0.10/turn               (no ring)
MPRegen 0.13/turn               (no ring)

@: no status effects
A: fangs 1, strong nose, distributed training
a: no special abilities


You were on level 2 of the Dungeon.
You visited 1 branch of the dungeon, and saw 2 of its levels.

You collected 168 gold pieces.

Inventory:

Hand Weapons
 f - a +0 spear of chaos (weapon)
 h - a +2 vorpal mace
Missiles
 e - 4 poisoned darts
 j - 26 stones
Armour
 b - a +0 robe
 c - a +1 hat (worn)
 k - a +0 leather armour (worn)
Scrolls
 a - a scroll of immolation
 m - a scroll of identify
 o - a scroll of teleportation {unknown}
Potions
 d - a potion of magic
 g - a potion of resistance {unknown}
 l - a potion of heal wounds {unknown}
 p - a potion of curing {unknown}
 q - a potion of mutation {unknown}


   Skills:
 + Level 1.2 Fighting
 + Level 1.2 Short Blades
 + Level 1.2 Long Blades
 + Level 1.2 Axes
 + Level 1.2 Maces & Flails
 + Level 1.2 Polearms
 + Level 1.2 Staves
 + Level 1.2 Ranged Weapons
 + Level 1.2 Throwing
 + Level 1.2 Armour
 + Level 4.6 Dodging
 + Level 4.3 Stealth
 + Level 1.2 Shields
 + Level 1.2 Unarmed Combat
 + Level 7.2 Spellcasting
 + Level 2.2 Conjurations
 + Level 1.0 Hexes
 + Level 2.2 Summonings
 + Level 1.0 Necromancy
 + Level 2.2 Translocations
 + Level 1.0 Transmutations
 + Level 1.0 Fire Magic
 + Level 1.0 Ice Magic
 + Level 1.0 Air Magic
 + Level 1.0 Earth Magic
 + Level 1.0 Poison Magic
 + Level 1.3 Invocations
 + Level 1.2 Evocations


You had 6 spell levels left.
You knew the following spells:

 Your Spells              Type           Power      Damage    Failure   Level
a - Magic Dart            Conj           52%        1d5       6%          1
b - Call Imp              Summ           13%        N/A       10%         2
c - Blink                 Tloc           26%        N/A       10%         2
d - Conjure Flame         Conj/Fire      11%        6-21      26%         3
e - Mephitic Cloud        Conj/Pois/Air  10%        N/A       28%         3

Your spell library contained the following spells:

 Spells                   Type           Power      Damage    Failure   Level
 Slow                     Hex            32%        N/A       11%         1
 Ignite Poison            Fire/Tmut/Pois 8%         N/A       32%         3
 Leda's Liquefaction      Hex/Erth       4%         N/A       73%         4
 Freezing Cloud           Conj/Ice/Air   5%         6-21      95%         5
 Lee's Rapid Deconstruct  Erth           4%         3d6*      97%         5
 Statue Form              Tmut/Erth      5%         N/A       100%        6


Dungeon Overview and Level Annotations

Branches:
Dungeon (2/15)

Altars:
Vehumet

Annotations:
D:2 Robin, Sigmund


Innate Abilities, Weirdness & Mutations

You have very sharp teeth.
Your uncanny sense of smell can sniff out nearby items.
Your experience applies equally to all skills.


Message History

The hobgoblin is heavily wounded.
The hobgoblin barely misses you. The hobgoblin hits your shadow imp.
Your shadow imp dies!
Your shadow imp disappears in a puff of smoke!
Aiming: Magic Dart (safe; 6% risk of failure)
Press: ? - help, Q - select action, (/) - cycle Shift-Dir - straight line, f/p - hobgoblin
Aim: a hobgoblin (heavily wounded, strong, 100% to hit)
The magic dart hits the hobgoblin.
You kill the hobgoblin!
A hobgoblin comes into view.
Aiming: Magic Dart (safe; 6% risk of failure)
Press: ? - help, Q - select action, (/) - cycle Shift-Dir - straight line, f - Robin
Aim: Robin, wielding a +4 short sword, wearing a +0 animal skin and wearing a +0 helmet (100% to hit)
You miscast Magic Dart.
You are very lightly contaminated with residual magic.
Nothing appears to happen.
Aiming: Magic Dart (safe; 6% risk of failure)
Press: ? - help, Q - select action, (/) - cycle Shift-Dir - straight line, f/p - Robin
Aim: Robin, wielding a +4 short sword, wearing a +0 animal skin and wearing a +0 helmet (100% to hit)
The magic dart hits Robin but does no damage.
Robin attacks as you move away! Robin hits you with a +4 short sword.
Robin attacks as you move away! Robin hits you with a +4 short sword!
Your magical contamination has completely faded away.
Robin attacks as you move away! Robin hits you with a +4 short sword!
* * * LOW HITPOINT WARNING * * *
As you read the scroll labelled IXUITI IDOICO, it crumbles to dust.
It is a scroll of identify.
a - a scroll of immolation Robin says, "My army is invincible!"
Robin barely misses you.
As you read the scroll labelled NIUGENNAAH, it crumbles to dust.
It is a scroll of enchant armour.
Your +0 hat glows green for a moment.
Robin hits you with a +4 short sword.
* * * LOW HITPOINT WARNING * * *
As you read the scroll labelled WAKIFA MAAM, it crumbles to dust.
It is a scroll of brand weapon.
Your +0 spear erupts in a glittering mayhem of colour.
f - a +0 spear of chaos (weapon)
Robin hits you with a +4 short sword.
You die...

#....'....+.#
#.######.
#.####....#.#
#.######. ###
#....'.#
#.....†..
#....###
#########
#.)..# #....#
#....# ###.##
#@# #g# #g#
#g##### ##
#g....# #.
#####g######
#. #........#
#. #..g.....#
#. #....)...#
#.


You could see Robin and 3 hobgoblins.

Vanquished Creatures
  2 adders (D:2)
  3 worms (D:2)
  A dart slug (D:1)
  4 endoplasms
  A giant cockroach (D:2)
  5 goblins
  8 hobgoblins
  7 jackals (D:1)
  2 quokkas
  5 ball pythons
  A bat (D:2)
  3 frilled lizards
  2 kobolds
  6 rats
50 creatures vanquished.

Vanquished Creatures (collateral kills)
  A giant cockroach (D:1)
1 creature vanquished.

Grand Total: 51 creatures vanquished

Notes
Turn   | Place    | Note
-------+----------+-------------------------------------------
     0 | D:1      | diecastcamel the Gnoll Hedge Wizard began the quest for the
                  | Orb.
     0 | D:1      | Reached XP level 1. HP: 13/13 MP: 8/8
   255 | D:1      | Reached XP level 2. HP: 19/19 MP: 6/10
   258 | D:1      | Learned a level 2 spell: Call Imp
   261 | D:1      | Learned a level 2 spell: Blink
   934 | D:1      | Reached XP level 3. HP: 25/25 MP: 6/11
   938 | D:1      | Learned a level 3 spell: Conjure Flame
   942 | D:1      | Learned a level 3 spell: Mephitic Cloud
  1439 | D:1      | Reached skill level 1 in Invocations
  2076 | D:2      | Found a radiant altar of Vehumet.
  2079 | D:2      | Noticed Sigmund
  2246 | D:2      | Reached skill level 1 in Fighting
  2246 | D:2      | Reached skill level 1 in Short Blades
  2246 | D:2      | Reached skill level 1 in Long Blades
  2246 | D:2      | Reached skill level 1 in Axes
  2246 | D:2      | Reached skill level 1 in Maces & Flails
  2246 | D:2      | Reached skill level 1 in Polearms
  2246 | D:2      | Reached skill level 1 in Staves
  2246 | D:2      | Reached skill level 1 in Ranged Weapons
  2246 | D:2      | Reached skill level 1 in Throwing
  2246 | D:2      | Reached skill level 1 in Armour
  2246 | D:2      | Reached skill level 1 in Shields
  2246 | D:2      | Reached skill level 1 in Unarmed Combat
  2246 | D:2      | Reached skill level 1 in Evocations
  2460 | D:2      | Reached XP level 4. HP: 32/32 MP: 9/13
  3031 | D:2      | Reached skill level 1 in Hexes
  3031 | D:2      | Reached skill level 1 in Necromancy
  3031 | D:2      | Reached skill level 1 in Transmutations
  3031 | D:2      | Reached skill level 1 in Fire Magic
  3031 | D:2      | Reached skill level 1 in Ice Magic
  3031 | D:2      | Reached skill level 1 in Air Magic
  3031 | D:2      | Reached skill level 1 in Earth Magic
  3031 | D:2      | Reached skill level 1 in Poison Magic
  3105 | D:2      | Noticed Robin
  3130 | D:2      | Slain by Robin

Illustrated notes

Levels and vault maps discovered:
D:1:      nicolae_arrival_memento_mori, layout_basic, serial_corexii_hall,
          corexii_hall_statues_deadend, corexii_hall_statues_l,
          minmay_tetromino_o2
D:2:      minmay_spotlight, layout_basic, basic_altar, uniq_sigmund,
          uniq_jessica, uniq_robin

Skill      XL: |  1  2  3  4 |
---------------+-------------+-----
Conjurations   | 2 |  2.2
Summonings     | 2 |  2.2
Translocations | 2 |  2.2
Invocations    | 1 |  1.3
Fighting       | 1 |  1.2
Short Blades   | 1 |  1.2
Long Blades    | 1 |  1.2
Axes           | 1 |  1.2
Maces & Flails | 1 |  1.2
Polearms       | 1 |  1.2
Staves         | 1 |  1.2
Ranged Weapons | 1 |  1.2
Throwing       | 1 |  1.2
Armour         | 1 |  1.2
Shields        | 1 |  1.2
Unarmed Combat | 1 |  1.2
Evocations     | 1 |  1.2
Hexes          | 1 |  1.0
Necromancy     | 1 |  1.0
Transmutations | 1 |  1.0
Fire Magic     | 1 |  1.0
Ice Magic      | 1 |  1.0
Air Magic      | 1 |  1.0
Earth Magic    | 1 |  1.0
Poison Magic   | 1 |  1.0
Dodging        | |  4.6
Stealth        | |  4.3
Spellcasting   | |  7.2

Action                   |  1- 3 |  4- 6 || total
-------------------------+-------+-------++-------
Melee: Dagger            |     3 |       ||     3
       Spear             |    45 |    10 ||    55
       Bite              |     5 |       ||     5
       Punch             |     2 |       ||     2
 Cast: Magic Dart        |   107 |    41 ||   148
       Call Imp          |     2 |     2 ||     4
  Use: Scroll            |     1 |     3 ||     4
Armor: Robe              |    12 |       ||    12
       Leather armour    |     5 |     3 ||     8
Dodge: Dodged            |    53 |     9 ||    62

Table legend: (Time is in decaauts)
 A = Elapsed time spent in this place.
 B = Non-inter-level travel time spent in this place.
 C = Inter-level travel time spent in this place.
 D = Time resting spent in this place.
 E = Time spent auto-exploring this place.
 F = Levels seen in this place.
 G = Mean time per level.
                   A        B        C        D        E       F      G
               +--------+--------+--------+--------+--------+-----+--------+
         Total |   3135 |   2969 |    166 |   1091 |   1173 |   2 | 1567.5 |
       Dungeon |   3135 |   2969 |    166 |   1091 |   1173 |   2 | 1567.5 |
               +--------+--------+--------+--------+--------+-----+--------+

Top non-repeatable levels by time:
     D:1: 2074 daAuts
     D:2: 1061 daAuts
